 Dungeon Crawl Stone Soup version 0.29.0-4-gdea44cf6ec (webtiles) character file.

Game seed: 1112751334771365596

564 qw the Chopper (level 7, -1/45 HPs)
             Began as a Tengu Warper on Aug 28, 2022.
             Was an Initiate of Okawaru.
             Slain by a lemure (2 damage)
             ... led by Pikel
             ... on level 5 of the Dungeon.
             The game lasted 00:00:29 (4774 turns).

qw the Chopper (Tengu Warper)                       Turns: 4774, Time: 00:00:29

Health: -1/45      AC: 11    Str: 13    XL:     7   Next: 32%
Magic:  11/11      EV: 11    Int: 14    God:    Okawaru [......]
Gold:   212        SH:  4    Dex: 13    Spells: 10/10 levels left

rFire   + . .      SeeInvis .   Y - +4 hand axe
rCold   . . .      Faith    .   g - +0 buckler
rNeg    . . .      Spirit   .   d - +0 chain mail
rPois   +          Reflect  .   (helmet restricted)
rElec   .          Harm     .   (no cloak)
rCorr   .          Rampage  .   (no gloves)
Will    .....                   (boots unavailable)
Stlth   ..........              (no amulet)
HPRegen 0.15/turn               n - ring of poison resistance
MPRegen 0.12/turn               b - +4 ring of evasion

@: flying quickly and evasively, quick
A: beak, talons 3, nimble flight, iridescent scales 1, fire resistance 1, robust
1
a: Renounce Religion


You were on level 5 of the Dungeon.
You worshipped Okawaru.
Okawaru was noncommittal.
You visited 2 branches of the dungeon, and saw 6 of its levels.

You collected 212 gold pieces.


Innate Abilities, Weirdness & Mutations

You have a beak for a mouth.
You have claws for feet.
Your magical nature lets you fly swiftly and evasively.
You are partially covered in iridescent scales. (AC +2)
Your flesh is heat resistant. (rF+)
You are robust. (+10% HP)


   Skills:
 - Level 3.1 Fighting
 - Level 7.5 Axes
 - Level 1.0 Throwing
 - Level 2.8 Armour
 - Level 2.1 Dodging
 + Level 1.0 Shields
 - Level 2.0 Spellcasting
 - Level 2.4 Translocations


You had 10 spell levels left.
You didn't know any spells.
Your spell library contained the following spells:

 Spells                   Type           Power      Damage    Failure   Level
 Blink                    Tloc           16%        N/A       99%         2
 Gell's Gravitas          Tloc           8%         N/A       100%        3
 Lesser Beckoning         Tloc           8%         N/A       100%        3
 Teleport Other           Tloc           8%         N/A       100%        3
 Manifold Assault         Tloc           8%         N/A       100%        5

Inventory:

Hand Weapons
 f - a +0 flail
 Y - a +4 hand axe (weapon)
Missiles
 j - 4 boomerangs (quivered)
Armour
 d - a +0 chain mail (worn)
 g - a +0 buckler (worn)
Jewellery
 b - a +4 ring of evasion (right hand)
 c - a +6 ring of strength
 n - a ring of poison resistance (left hand)
Potions
 e - a potion of resistance
 h - a potion of degeneration {unknown}
 i - 3 potions of curing
 k - a potion of attraction {unknown}
 m - a potion of mutation
 o - a potion of magic {unknown}
 p - a potion of flight {unknown}
 q - a potion of heal wounds {unknown}

Dungeon Overview and Level Annotations

Branches:
Dungeon (5/15)             Temple (1/1) D:5

Altars:
Ashenzari
Elyvilon
Fedhas
Gozag
Hepliaklqana
Kikubaaqudgha
Okawaru
Qazlal
Sif Muna
Trog
Uskayaw
Wu Jian
Xom
Zin
The Shining One

Annotations:
D:4 1 runed translucent door, qw's ghost, amateur TeWr
D:5 Pikel


Message History

The lemure is severely wounded.
You hit the lemure. You hit Pikel. You barely miss the lemure.
The lemure barely misses you.
The gnoll hits you from afar with a +0 halberd.
The lemure hits you but does no damage. You block the lemure's attack.
You hit the lemure. Your kick misses the lemure.
The lemure is almost dead.
You hit the lemure. You closely miss Pikel. You barely miss the lemure.
The gnoll hits you from afar with a +0 halberd!
The lemure misses you.
Pikel hits you with a +2 whip of flaming!
Pikel burns you. The lemure closely misses you. The lemure barely misses you.
You hit the lemure.
You kill the lemure!
That felt strangely unrewarding.
You hit the lemure. You slash the lemure! You closely miss Pikel.
The lemure barely misses you. The gnoll hits you but does no damage.
Pikel hits you with a +2 whip of flaming.
The lemure closely misses you.
You barely miss the lemure. You claw the lemure.
You kill the lemure!
That felt strangely unrewarding.
You hit Pikel. You closely miss the lemure. You hit the lemure.
Pikel hits you with a +2 whip of flaming.
Pikel burns you. The lemure closely misses you.
The gnoll hits you from afar with a +0 halberd.
The lemure misses you.
You hit the lemure. Your kick misses the lemure.
You peck the lemure, but do no damage.
The lemure is heavily wounded.
You hit Pikel. You slash the lemure! Pikel closely misses you.
The lemure barely misses you. You block the gnoll's attack.
The lemure hits you.
You slash the lemure! Your kick misses the lemure.
You peck the lemure, but do no damage.
The lemure is severely wounded.
You hit Pikel. You hit the lemure. You block Pikel's attack.
The lemure hits you. The gnoll barely misses you. The lemure hits you.
You die...

.... .........###. ..
.........#..............
....... ..........##....
....... #...#....#....!
....... #.}.# ....#....
.......###...###..##....
....#...$.........##...#
##...g.5}.(>..}...#....#
#.....K@................
#.....5###...###........
##.#.....#.}.#.....#....
# #...g.#.))#.....##..<
##..W...)...........)
##....###...........
#.....# ######...#..
#.....# #.....## ####..#
##..####


You could see Pikel, 2 lemures and a gnoll.

Vanquished Creatures
  An ogre (D:5)
  A phantom (D:4)
  A kobold brigand (D:4)
  2 lemures (D:5)
  A scorpion (D:4)
  A howler monkey (D:4)
  An orc priest (D:4)
  An orc wizard (D:3)
  6 adders
  2 gnolls (D:5)
  3 worms
  2 dart slugs
  6 orcs
  5 endoplasms
  2 giant cockroaches
  10 goblins
  9 hobgoblins
  2 jackals (D:2)
  6 kobolds
  6 quokkas
  3 ball pythons
  7 bats
  4 frilled lizards
  9 rats
91 creatures vanquished.

Notes
Turn   | Place    | Note
-------+----------+-------------------------------------------
     0 | D:1      | qw the Tengu Warper began the quest for the Orb.
     0 | D:1      | Reached XP level 1. HP: 12/12 MP: 4/4
     0 | D:1      | 0 ||| qw: Version: 0.1-a-89-g26bdef1
     0 | D:1      | 0 ||| qw: Game counter: 102
     0 | D:1      | 0 ||| qw: Always use a shield: true
     0 | D:1      | 0 ||| qw: God list: Okawaru
     0 | D:1      | 0 ||| qw: Allow faded altars: false
     0 | D:1      | 0 ||| qw: Do Orc after D:15 true
     0 | D:1      | 0 ||| qw: Do second Lair branch before Depths: true
     0 | D:1      | 0 ||| qw: Lair rune preference: random
     0 | D:1      | 0 ||| qw: Plans: Normal
     0 | D:1      | 0 ||| PLANNING D:1-11
   211 | D:1      | Reached XP level 2. HP: 17/17 MP: 6/6
   220 | D:1      | Reached skill level 3 in Axes
   438 | D:1      | 438 ||| Stepping ~*~*~tactically~*~*~ (stealth).
  1103 | D:1      | 1103 ||| UPGRADING to +0 chain mail.
  1113 | D:1      | 1113 ||| DROPPING +0 leather armour.
  1114 | D:1      | 1114 ||| UPGRADING to +0 buckler.
  1119 | D:1      | 1119 ||| UPGRADING to +6 ring of strength.
  1120 | D:1      | 1120 ||| READING 2 scrolls labelled GAENTA HOBOA.
  1125 | D:1      | 1125 ||| READING scroll labelled OPPOON GICE.
  1126 | D:1      | 1126 ||| READING scroll labelled WUWEMI WINAU.
  1127 | D:1      | 1127 ||| READING 3 scrolls labelled BYAZASU UXOUME.
  1128 | D:1      | 1128 ||| READING 2 scrolls of enchant weapon.
  1128 | D:1      | 1128 ||| ENCHANTING +1 hand axe.
  1129 | D:1      | 1129 ||| READING scroll of enchant weapon.
  1129 | D:1      | 1129 ||| ENCHANTING +2 hand axe.
  1130 | D:1      | 1130 ||| DRINKING 2 amethyst potions.
  1131 | D:1      | 1131 ||| DRINKING 2 metallic ruby potions.
  1131 | D:1      | Gained mutation: You are robust. (+10% HP) [potion of
                  | mutation]
  1131 | D:1      | Gained mutation: Your flesh is heat resistant. (rF+)
                  | [potion of mutation]
  1131 | D:1      | Gained mutation: You are partially covered in iridescent
                  | scales. (AC +2) [potion of mutation]
  1140 | D:1      | 1140 ||| DROPPING scroll of blinking.
  1157 | D:2      | 1157 ||| Stepping ~*~*~tactically~*~*~ (stealth).
  1163 | D:2      | Reached XP level 3. HP: 23/23 MP: 7/7
  1170 | D:2      | 1170 ||| Stepping ~*~*~tactically~*~*~ (stealth).
  1171 | D:2      | 1171 ||| Stepping ~*~*~tactically~*~*~ (stealth).
  1223 | D:2      | 1223 ||| DROPPING +0 club.
  1240 | D:2      | Reached skill level 1 in Shields
  1290 | D:2      | 1290 ||| FLEEEEING.
  1412 | D:2      | Reached skill level 4 in Axes
  1673 | D:2      | Found a shimmering blue altar of Sif Muna.
  1717 | D:2      | Reached XP level 4. HP: 28/28 MP: 8/8
  1827 | D:2      | Found a faded altar of an unknown god.
  1874 | D:2      | 1874 ||| Stepping ~*~*~tactically~*~*~ (stealth).
  1986 | D:2      | 1986 ||| DROPPING +0 mace.
  2124 | D:2      | 2124 ||| READING scroll labelled ZAATTUOL UCW.
  2208 | D:3      | 2208 ||| Stepping ~*~*~tactically~*~*~ (stealth).
  2211 | D:3      | 2211 ||| Stepping ~*~*~tactically~*~*~ (stealth).
  2254 | D:3      | 2254 ||| Stepping ~*~*~tactically~*~*~ (stealth).
  2268 | D:3      | 2268 ||| Stepping ~*~*~tactically~*~*~ (hiding).
  2277 | D:3      | Reached skill level 5 in Axes
  2557 | D:3      | Gained mutation: Your magical nature lets you fly swiftly
                  | and evasively. [Tengu growth]
  2557 | D:3      | Reached XP level 5. HP: 33/33 MP: 9/9
  2900 | D:3      | 2900 ||| UPGRADING to +4 ring of evasion.
  2901 | D:3      | 2901 ||| UPGRADING to ring of poison resistance.
  2903 | D:3      | 2903 ||| READING scroll labelled HUHUP NEPY.
  2904 | D:3      | 2904 ||| READING scroll labelled UCONICL WAEXEX.
  2905 | D:3      | 2905 ||| DRINKING 2 fuming green potions.
  3022 | D:4      | 3022 ||| Stepping ~*~*~tactically~*~*~ (hiding).
  3028 | D:4      | Reached skill level 6 in Axes
  3238 | D:4      | Reached XP level 6. HP: 38/38 MP: 10/10
  3259 | D:4      | 3259 ||| Stepping ~*~*~tactically~*~*~ (hiding).
  3260 | D:4      | 3260 ||| FLEEEEING.
  3261 | D:4      | 3261 ||| FLEEEEING.
  3262 | D:4      | 3262 ||| FLEEEEING.
  3263 | D:4      | 3263 ||| FLEEEEING.
  3264 | D:4      | 3264 ||| FLEEEEING.
  3265 | D:4      | 3265 ||| FLEEEEING.
  3266 | D:4      | 3266 ||| FLEEEEING.
  3268 | D:4      | 3268 ||| FLEEEEING.
  3269 | D:4      | 3269 ||| FLEEEEING.
  3270 | D:4      | 3270 ||| FLEEEEING.
  3272 | D:4      | 3272 ||| FLEEEEING.
  3273 | D:4      | 3273 ||| FLEEEEING.
  3274 | D:4      | 3274 ||| FLEEEEING.
  3275 | D:4      | 3275 ||| FLEEEEING.
  3276 | D:4      | 3276 ||| FLEEEEING.
  3277 | D:4      | 3277 ||| FLEEEEING.
  3280 | D:4      | 3280 ||| FLEEEEING.
  3281 | D:4      | 3281 ||| FLEEEEING.
  3282 | D:4      | 3282 ||| FLEEEEING.
  3283 | D:4      | 3283 ||| FLEEEEING.
  3284 | D:4      | 3284 ||| FLEEEEING.
  3285 | D:4      | 3285 ||| FLEEEEING.
  3286 | D:4      | 3286 ||| FLEEEEING.
  3358 | D:4      | 3358 ||| Stepping ~*~*~tactically~*~*~ (hiding).
  3594 | D:4      | 3594 ||| READING scroll of enchant weapon.
  3594 | D:4      | 3594 ||| ENCHANTING +3 hand axe.
  3852 | D:4      | Found a runed translucent door.
  3853 | D:4      | Noticed qw's ghost (amateur TeWr)
  4046 | D:4      | 4046 ||| DROPPING orb of wrath.
  4047 | D:4      | 4047 ||| UPGRADING to amulet of guardian spirit.
  4072 | D:5      | Entered Level 5 of the Dungeon
  4086 | D:5      | Found a staircase to the Ecumenical Temple.
  4087 | D:5      | 4087 ||| PLANNING TEMPLE
  4094 | D:5      | Reached skill level 7 in Axes
  4094 | D:5      | Reached XP level 7. HP: 34/44 MP: 9/11
  4103 | D:5      | HP: 10/44 [lemure[Pikel] (3)]
  4104 | D:5      | 4104 ||| READING 3 scrolls of teleportation.
  4109 | D:5      | 4109 ||| READING 2 scrolls of teleportation.
  4111 | D:5      | HP: 6/44 [kobold brigand/+0 short sword (1)]
  4115 | D:5      | 4115 ||| READING scroll of teleportation.
  4116 | D:5      | HP: 6/44 [lemure[Pikel] (1)]
  4116 | D:5      | HP: 1/44 [phantom (5)]
  4246 | D:5      | 4246 ||| FLEEEEING.
  4247 | D:5      | 4247 ||| STAIRDANCE
  4458 | D:5      | 4458 ||| Stepping ~*~*~tactically~*~*~ (stealth).
  4459 | D:5      | 4459 ||| Stepping ~*~*~tactically~*~*~ (stealth).
  4461 | D:5      | 4461 ||| STAIRDANCE
  4501 | D:5      | 4501 ||| STAIRDANCE
  4516 | D:4      | Reached skill level 3 in Fighting
  4657 | Temple   | Entered the Ecumenical Temple
  4657 | Temple   | Found a transporter.
  4657 | Temple   | Found a transporter.
  4659 | Temple   | Found a transporter.
  4659 | Temple   | Found a transporter.
  4669 | Temple   | 4669 ||| PLANNING D:1-11
  4736 | Temple   | Became a worshipper of Warmaster Okawaru
  4737 | Temple   | 4737 ||| REMOVING amulet of guardian spirit.
  4742 | Temple   | 4742 ||| DROPPING amulet of guardian spirit.
  4762 | D:5      | Noticed Pikel
  4770 | D:5      | HP: 10/45 [Pikel/+2 whip of flaming (8)]
  4772 | D:5      | HP: 4/45 [Pikel/+2 whip of flaming (1)]
  4774 | D:5      | HP: 1/45 [lemure[Pikel] (1)]
  4774 | D:5      | Slain by a lemure

Levels and vault maps discovered:
D:1:      ncdulo_wetmaze, layout_loops_cross
D:2:      layout_loops_ring, basic_ecumenical_altar, basic_altar,
          grunt_ministairs_12
D:3:      layout_loops_ring
D:4:      layout_loops_corners, ebering_ghost_sewer_d
D:5:      layout_cave_pools, minmay_temple_entry_junction_2, uniq_pikel
Temple:   hellmonk_temple_divided_pantheon

Skill      XL: |  1  2  3  4  5  6  7 |
---------------+----------------------+-----
Axes           | 3 4 5 6 7 |  7.5
Shields        | 1 |  1.0
Armour         | 2 |  2.8
Fighting       | 3 |  3.1
Throwing       | |  1.0
Dodging        | |  2.1
Spellcasting   | |  2.0
Translocations | |  2.4

Action                   |  1- 3 |  4- 6 |  7- 9 || total
-------------------------+-------+-------+-------++-------
Melee: Hand axe          |    71 |    89 |    48 ||   208
       Kick              |    20 |    21 |     7 ||    48
       Peck              |     7 |    13 |    12 ||    32
Throw: Boomerang         |     7 |    38 |     4 ||    49
  Use: Scroll            |     6 |     4 |     3 ||    13
       Potion            |     2 |     1 |       ||     3
Armor: Leather armour    |     9 |       |       ||     9
       Chain mail        |    11 |    31 |    23 ||    65
Dodge: Dodged            |    30 |    32 |    39 ||   101
Block: Buckler           |     3 |     8 |    17 ||    28

Table legend:
 A = Non-vault XP
 B = Vault XP
 C = Vault XP percentage of total XP
 D = Non-vault monster count
 E = Vault monster count
 F = Vault count percentage of total count
                 A         B        C        D         E       F
            +---------+---------+-------+---------+---------+-------
      Total |     803 |       4 |   0.5 |      87 |       2 |   2.2
            +---------+---------+-------+---------+---------+-------
        D:1 |      31 |       0 |   0.0 |      19 |       0 |   0.0
        D:2 |      64 |       4 |   5.9 |      22 |       2 |   8.3
        D:3 |      85 |       0 |   0.0 |      19 |       0 |   0.0
        D:4 |     463 |       0 |   0.0 |      22 |       0 |   0.0
        D:5 |     160 |       0 |   0.0 |       5 |       0 |   0.0
            +---------+---------+-------+---------+---------+-------
